 Dungeon Sprint DCSS version 0.30-a0-802-gb92711bcdf (webtiles) character file.

Game seed: 11209446214976008955

12 rocky1 the Prestidigitator (level 5, -14/42 HPs)
             Began as a Gnoll Wanderer on Feb 24, 2023.
             Was an Initiate of Gozag.
             Shot with a bolt by an orc warrior (18 damage)
             ... in the Dungeon (Sprint VI: "Thunderdome").
             The game lasted 00:02:11 (185 turns).

rocky1 the Prestidigitator (Gnoll Wanderer)          Turns: 185, Time: 00:02:11

Health: -14/42     AC:  3    Str: 24    XL:     5   Next: 98%
Magic:  12/12      EV: 13    Int: 15    God:    Gozag
Gold:   85         SH:  0    Dex: 12    Spells: 14/14 levels left

rFire   . . .      SeeInvis .    o - +1 war axe (vamp)
rCold   . . .      Faith    .    (no shield)
rNeg    . . .      Spirit   .    e - +0 leather armour
rPois   .          Reflect  .    (no helmet)
rElec   +          Harm     .    (no cloak)
rCorr   +          Rampage  .    (no gloves)
Will    +....      NoTele   +    (no boots)
Stlth   ++                       q - amulet "Eraunopt" {Will+ Regen+ Dex+2}
HPRegen 1.07/turn                p - ring of the Present {rElec Str+6}
MPRegen 0.13/turn                s - ring of Jutaly Imyir {Contam rCorr Str+5 Int+2}

@: lethally poisoned (-14 -> -20), gold aura
A: fangs 1, strong nose, distributed training
a: Renounce Religion, Potion Petition, Call Merchant, Bribe Branch


You were in the Dungeon.
You worshipped Gozag.
Gozag was noncommittal.
You visited 1 branch You collected 265 gold pieces.
You spent 180 gold pieces at shops.

Inventory:

Hand Weapons
 a - a +2 spear
 b - a +0 mace
 o - a +1 vampiric war axe (weapon)
Armour
 e - a +0 leather armour (worn)
Jewellery
 p - the ring of the Present (left hand) {rElec Str+6}
   (You bought it in a shop in the Dungeon)

   [ring of strength]

   Str:       It affects your strength (+6).
   rElec:     It insulates you from electricity.
 q - the amulet "Eraunopt" (around neck) {Will+ Regen+ Dex+2}
   (You bought it in a shop in the Dungeon)

   [amulet of regeneration]

   Dex:       It affects your dexterity (+2).
   Regen:     It increases your rate of health regeneration.
   Will:      It increases your willpower.
 r - the ring "Cudyloh" {rC+ Int+6 Dex-5 Stlth+}
   (You bought it in a shop in the Dungeon)

   [ring of intelligence]

   Int:       It affects your intelligence (+6).
   Dex:       It affects your dexterity (-5).
   rC:        It protects you from cold.
   Stlth:     It makes you more stealthy.
 s - the ring of Jutaly Imyir (right hand) {Contam rCorr Str+5 Int+2}
   (You bought it in a shop in the Dungeon)

   [ring of resist corrosion]

   Str:       It affects your strength (+5).
   Int:       It affects your intelligence (+2).
   Contam:    It causes magical contamination when unequipped.
   rCorr:     It protects you from acid and corrosion.
Wands
 c - a wand of polymorph (5) (quivered)
 l - a wand of acid (2)
 m - a wand of iceblast (1)
Scrolls
 j - 4 scrolls of blinking
 n - 3 scrolls of fog
Potions
 d - 2 potions of curing
 f - 4 potions of heal wounds
 g - 4 potions of haste
 h - 2 potions of magic
 i - a potion of berserk rage
 k - 2 potions of resistance


   Skills:
 + Level 4.1 Fighting
 + Level 4.1 Short Blades
 + Level 4.1 Long Blades
 + Level 4.1 Axes
 + Level 5.0 Maces & Flails
 + Level 7.8 Polearms
 + Level 4.1 Staves
 + Level 4.1 Ranged Weapons
 + Level 4.1 Throwing
 + Level 4.1 Armour
 + Level 4.1 Dodging
 + Level 4.1 Stealth
 + Level 4.1 Shields
 + Level 4.1 Unarmed Combat
 + Level 5.1 Spellcasting
 + Level 3.4 Conjurations
 + Level 3.4 Hexes
 + Level 3.4 Summonings
 + Level 3.4 Necromancy
 + Level 3.4 Translocations
 + Level 3.4 Transmutations
 + Level 3.4 Fire Magic
 + Level 3.4 Ice Magic
 + Level 3.4 Air Magic
 + Level 3.4 Earth Magic
 + Level 3.4 Poison Magic
 + Level 5.3 Invocations
 + Level 9.5 Evocations


You had 14 spell levels left.
You didn't know any spells.
Your spell library was empty.

Dungeon Overview and Level Annotations

Branches:
Dungeon (1/1)

Altars:
Cheibriados
Dithmenos
Fedhas
Gozag
Kikubaaqudgha
Makhleb
Okawaru
Qazlal
Ru
Sif Muna
Trog
Uskayaw
Vehumet
Wu Jian
Xom
Yredelemnul
Zin
The Shining One
Lugonu

Shops:
D *[??*?*:[((!!!!


Innate Abilities, Weirdness & Mutations

You have very sharp teeth.
Your uncanny sense of smell can sniff out nearby items.
Your experience applies equally to all skills.


Message History

The orc wizard misses you.
You hit the orc wizard.
You bite the orc wizard, but do no damage.
The orc wizard is severely wounded.
The orc wizard closely misses you.
The orc warrior shoots a bolt.
The bolt misses you.
The orc wizard hits you with a +0 dagger of venom.
You are poisoned.
The orc warrior shoots a bolt.
The bolt closely misses you.
You hit the orc wizard but do no damage.
Your bite misses the orc wizard.
The orc wizard is severely wounded.
You feel very sick.
The orc wizard hits you with a +0 dagger of venom.
You are more poisoned.
The orc warrior shoots a bolt.
The bolt hits you!
You closely miss the orc wizard.
The orc wizard is severely wounded.
You barely miss the orc.
You feel very sick. The orc hits you with a +0 club.
The orc wizard casts a spell at you. The magic dart hits you.
The orc warrior shoots a bolt.
The bolt closely misses you.
You are too injured to fight recklessly!
You slash the orc!
You feel better.
You kill the orc!
You closely miss the orc wizard.
You feel very sick.
The orc wizard hits you but does no damage.
You are more poisoned.
The orc wizard barely misses you.
You hit the orc wizard.
You feel better.
You kill the orc wizard!
You feel very sick.
The orc warrior shoots a bolt.
The bolt hits you!
* * * LOW HITPOINT WARNING * * *
The orc warrior shoots a bolt.
The bolt hits you!!
You die...
Your body crumbles into a pile of gold.

#.....# ##.....## ##∩.....∩##
#∩.......∩# #_......._#
#_........# #_......._#
###.$.[..)..###
#⌠.$@.....)..⌠#
######.8.......).8.######
##.__..o..).###......___∩##
###∩.......[8.# #.8........∩#
##.............###............
#⌠..........###...###.........
#⌠..........# #.<.# #.........
#⌠..........###...###.........
##.............###............


You could see an orc warrior.

Vanquished Creatures
  An orc warrior (D)
  Blork the orc (D)
  An orc priest (D)
  2 orc wizards (D)
  3 orcs (D)
8 creatures vanquished.

Notes
Turn   | Place    | Note
-------+----------+-------------------------------------------
     0 | D        | rocky1 the Gnoll Wanderer began the quest for the Orb.
     0 | D        | rocky1 set off with the following items: a +2 spear, a +0
                  | mace, a wand of polymorph (5), 2 potions of curing, a +0
                  | leather armour, a potion of heal wounds, a potion of haste,
                  | 2 potions of magic, a potion of berserk rage, a scroll of
                  | blinking.
     0 | D        | Reached XP level 1. HP: 13/13 MP: 4/4
     4 | D        | Found a glowing silver altar of Zin.
     4 | D        | Found an ornate altar of the Wu Jian Council.
     5 | D        | Found an iron altar of Okawaru.
     5 | D        | Round 1.
     6 | D        | Found a shimmering altar of Xom.
     6 | D        | Found a stormy altar of Qazlal.
     7 | D        | Found a shimmering blue altar of Sif Muna.
     7 | D        | Found a burning altar of Makhleb.
     7 | D        | Found Qaenuehiha's Weapon Rack.
     7 | D        | Found Coh Pudgh's Premium Goods.
     8 | D        | Found Qimiap's Basic Armour.
     8 | D        | Found Dazoshra's Miscellaneous Merchandise.
    12 | D        | Found a glowing golden altar of the Shining One.
    13 | D        | Found a blossoming altar of Fedhas.
    14 | D        | Found Hibbos Xuan's Identification Station.
    16 | D        | Found a snail-covered altar of Cheibriados.
    16 | D        | Found an ancient bone altar of Kikubaaqudgha.
    17 | D        | Found Ukoesun's Advanced Armour.
    17 | D        | Found Cenk's Jewellery.
    20 | D        | Noticed an orc wizard
    20 | D        | Noticed an orc priest
    21 | D        | Found a shadowy altar of Dithmenos.
    22 | D        | Found a basalt altar of Yredelemnul.
    26 | D        | Killed an orc priest
    26 | D        | Killed an orc wizard
    27 | D        | Reached skill level 1 in Conjurations
    27 | D        | Reached skill level 1 in Hexes
    27 | D        | Reached skill level 1 in Summonings
    27 | D        | Reached skill level 1 in Necromancy
    27 | D        | Reached skill level 1 in Translocations
    27 | D        | Reached skill level 1 in Transmutations
    27 | D        | Reached skill level 1 in Fire Magic
    27 | D        | Reached skill level 1 in Ice Magic
    27 | D        | Reached skill level 1 in Air Magic
    27 | D        | Reached skill level 1 in Earth Magic
    27 | D        | Reached skill level 1 in Poison Magic
    27 | D        | Reached XP level 2. HP: 23/23 MP: 4/6
    27 | D        | Reached XP level 3. HP: 28/28 MP: 5/8
    38 | D        | Noticed Blork the orc
    41 | D        | Found Xaakk's Magic Scroll Shop.
    43 | D        | Killed Blork the orc
    44 | D        | Reached skill level 9 in Evocations
    44 | D        | Reached XP level 4. HP: 32/35 MP: 7/10
    44 | D        | Reached XP level 5. HP: 38/41 MP: 7/11
    44 | D        | Found an opulent altar of Gozag.
    44 | D        | Found a sacrificial altar of Ru.
    44 | D        | Found Ceusyok's Staff Store.
    45 | D        | Found Ucheuck's Magic Scroll Shop.
    45 | D        | Found Keomumimis's Must-Have Magic.
    51 | D        | Found a radiant altar of Vehumet.
    54 | D        | Found a bloodstained altar of Trog.
    55 | D        | Found a corrupted altar of Lugonu.
    68 | D        | Arena points: 12 (+12) [x2]
    79 | D        | Became a worshipper of Gozag Ym Sagoz the Greedy
    82 | D        | Found Puown's Distillery.
    84 | D        | Found a hide-covered altar of Uskayaw.
    84 | D        | Found Hoduzipt's Do-It-Yourself Clinic.
    86 | D        | Found Ytacsyg's Distillery.
    86 | D        | Found Zilu's Bottled Wisdom.
   119 | D        | Bought a fine jade ring for 45 gold pieces
   119 | D        | Identified the ring of the Present {rElec Str+6} (You
                  | bought it in a shop in the Dungeon)
   119 | D        | Bought a scintillating iron amulet for 45 gold pieces
   119 | D        | Identified the amulet "Eraunopt" {Will+ Regen+ Dex+2} (You
                  | bought it in a shop in the Dungeon)
   119 | D        | Bought a glittering ivory ring for 45 gold pieces
   119 | D        | Identified the ring "Cudyloh" {rC+ Int+6 Dex-5 Stlth+} (You
                  | bought it in a shop in the Dungeon)
   125 | D        | Bought a shimmering amber ring for 45 gold pieces
   125 | D        | Identified the ring of Jutaly Imyir {Contam rCorr Str+5
                  | Int+2} (You bought it in a shop in the Dungeon)
   143 | D        | Round 2.
   161 | D        | Noticed an orc warrior
   165 | D        | Killed an orc warrior
   166 | D        | Reached skill level 5 in Maces & Flails
   166 | D        | Reached skill level 5 in Spellcasting
   166 | D        | Reached skill level 5 in Invocations
   175 | D        | Noticed an orc warrior
   185 | D        | Shot with a bolt by an orc warrior

Illustrated notes

Levels and vault maps discovered:
D:        arena_sprint

Skill      XL: |  1  2  3  4  5 |
---------------+----------------+-----
Fighting       | 2 3 4 |  4.1
Short Blades   | 2 3 4 |  4.1
Long Blades    | 2 3 4 |  4.1
Axes           | 2 3 4 |  4.1
Maces & Flails | 3 4 5 |  5.0
Polearms       | 7 |  7.8
Staves         | 2 3 4 |  4.1
Ranged Weapons | 2 3 4 |  4.1
Throwing       | 2 3 4 |  4.1
Armour         | 2 3 4 |  4.1
Dodging        | 2 3 4 |  4.1
Stealth        | 2 3 4 |  4.1
Shields        | 2 3 4 |  4.1
Unarmed Combat | 2 3 4 |  4.1
Spellcasting   | 3 4 5 |  5.1
Conjurations   | 1 2 3 |  3.4
Hexes          | 1 2 3 |  3.4
Summonings     | 1 2 3 |  3.4
Necromancy     | 1 2 3 |  3.4
Translocations | 1 2 3 |  3.4
Transmutations | 1 2 3 |  3.4
Fire Magic     | 1 2 3 |  3.4
Ice Magic      | 1 2 3 |  3.4
Air Magic      | 1 2 3 |  3.4
Earth Magic    | 1 2 3 |  3.4
Poison Magic   | 1 2 3 |  3.4
Invocations    | 3 4 5 |  5.3
Evocations     | 9 |  9.5

Action                     |  1- 3 |  4- 6 || total
---------------------------+-------+-------++-------
  Melee: Spear             |     1 |     2 ||     3
         War axe           |       |     9 ||     9
         Bite              |       |     1 ||     1
  Evoke: Wand              |     4 |     3 ||     7
 Armour: Leather armour    |       |     1 ||     1
  Dodge: Dodged            |       |    10 ||    10

Table legend: (Time is in decaauts)
 A = Elapsed time spent in this place.
 B = Non-inter-level travel time spent in this place.
 C = Inter-level travel time spent in this place.
 D = Time resting spent in this place.
 E = Time spent auto-exploring this place.
 F = Levels seen in this place.
 G = Mean time per level.
                   A        B        C        D        E       F      G
               +--------+--------+--------+--------+--------+-----+--------+
         Total |    185 |    185 |      0 |     12 |      0 |   1 |  185.0 |
       Dungeon |    185 |    185 |      0 |     12 |      0 |   1 |  185.0 |
               +--------+--------+--------+--------+--------+-----+--------+

Top non-repeatable levels by time:
       D: 185 daAuts
